 Dungeon Crawl Stone Soup version 0.23.2-40-g277498a001 (webtiles) character file.

Game seed: 14479466858972722695

2849 Kostasan the Cleaver (level 9, -7/111 HPs)
             Began as a Minotaur Berserker on Sept 29, 2019.
             Was an Elder of Trog.
             Mangled by a two-headed ogre
             ... wielding a +0 giant club
              (24 damage)
             ... on level 8 of the Dungeon.
             The game lasted 00:35:34 (5550 turns).

Kostasan the Cleaver (Minotaur Berserker)           Turns: 5550, Time: 00:35:35

Health: -7/111     AC:  8    Str: 32    XL:     9   Next: 46%
Magic:  8/8        EV:  5    Int:  6    God:    Trog [****..]
Gold:   347        SH:  8    Dex:  9    Spells: 8/8 levels left

rFire    . . .     SeeInvis .   W - +0 hand axe
rCold    + . .     Gourm    .   b - +0 shield
rNeg     . . .     Faith    .   k - +0 plate armour
rPois    .         Spirit   .   (helmet restricted)
rElec    .         Reflect  .   (no cloak)
rCorr    .         Harm     .   f - +2 pair of gloves {Str+3}
MR       ++...                  (no boots)
Stlth    ..........             (no amulet)
HPRegen  1.28/turn              (no ring)
MPRegen  0.11/turn              (no ring)

@: berserking, lethally poisoned (-7 -> -7), marked, corroded, regenerating,
hasted, very quick
A: retaliatory headbutt, horns 2, cold resistance 1, shaggy fur 1, wild magic 1
a: Berserk, Trog's Hand, Brothers in Arms, Renounce Religion


You were on level 8 of the Dungeon.
You worshipped Trog.
Trog was greatly pleased with you.
You were near starving.

You visited 1 branch of the dungeon, and saw 8 of its levels.

You collected 347 gold pieces.

Inventory:

Hand Weapons
 w - the +7 short sword of Capital Punishment {antimagic, Int+6}
   (You found it on level 6 of the Dungeon)

   It reduces the magical energy of the wielder, and disrupts the spells and
   magical abilities of those hit.
   Natural abilities and divine invocations are not affected.
   It affects your intelligence (+6).
 W - a +0 hand axe (weapon)
Missiles
 e - 209 stones (quivered)
Armour
 b - a +0 shield (worn)
 f - a +2 pair of gloves of strength (worn)
 k - a +0 plate armour (worn)
Jewellery
 p - an uncursed ring of ice {unknown}
Wands
 s - a wand of polymorph (8)
Scrolls
 d - 8 scrolls of identify
 i - 3 scrolls of teleportation
 m - a scroll of remove curse
 o - a scroll of immolation
 u - a scroll of noise
Potions
 a - a potion of heal wounds {unknown}
 g - 5 potions of curing
 j - 3 potions of flight
 l - a potion of brilliance
Comestibles
 c - 8 rations
 n - 3 chunks of flesh


   Skills:
 + Level 5.1 Fighting
 + Level 14.4 Axes
 + Level 4.3 Armour
 - Level 2.4 Dodging


You had 8 spell levels left.
You didn't know any spells.
Your spell library was empty.

Dungeon Overview and Level Annotations

Branches:
Dungeon (8/15)             Temple (0/1) D:4
   Lair: D:8-11

Altars:
Hepliaklqana
Nemelex Xobeh

Annotations:
D:7 Harold, Joseph


Innate Abilities, Weirdness & Mutations

You reflexively headbutt those who attack you in melee.
You have a pair of horns on your head.
Your flesh is cold resistant. (rC+)
You are covered in fur. (AC +1)
Your spells are a little harder to cast, but a little more powerful.


Message History

You hit the orc but do no damage. You hit the orc priest.
The orc priest is heavily wounded.
You barely miss the orc.
You feel sick. You block the orc's attack. The orc priest barely misses you.
You furiously retaliate!
You headbutt the orc priest, but do no damage.
You hit the orc priest but do no damage.
You headbutt the orc priest, but do no damage.
The orc priest is heavily wounded.
You closely miss the orc.
You recover from your berserk rage.
Your skin crawls.
You feel resistant to hostile enchantments.
You are feeling very hungry.
The orc hits you but does no damage.
A red film seems to cover your vision as you go berserk!
You feel yourself moving faster!
You feel mighty!
You are near starving!
The two-headed ogre hits you with a +0 giant club!!
You die...

... #.# #.# ...
.### #(# ..o..
#.#
..o...#o#####..#.
...ooao@O<.......
......#o######.#.
.#### #.# #.# #.#
#.# #.. ###


You could see a two-headed ogre, a worker ant, an orc priest and 6 orcs.

Vanquished Creatures
  Pikel (D:6)
  Grinder (D:3)
  Sigmund (D:4)
  Edmund (D:5)
  Duvessa (D:7)
  An orc warrior (D:6)
  An ice beast (D:5)
  A slave (D:6)
  2 ogres (D:6)
  2 centaurs
  4 bullfrogs
  Dowan (D:7)
  3 scorpions
  A wight (D:6)
  A howler monkey (D:4)
  A crimson imp (D:6)
  A bullfrog zombie (D:3)
  2 orc wizards
  2 bullfrog skeletons (D:6)
  3 hounds
  An orc priest (D:5)
  Jessica (D:2)
  A centaur skeleton (D:6)
  An iguana (D:4)
  4 worker ants
  Terence (D:2)
  A hound zombie (D:5)
  A hound skeleton (D:5)
  A worker ant zombie (D:5)
  4 gnolls (D:3)
  6 adders
  A shadow imp (D:5)
  2 oozes
  2 adder skeletons
  A worm (D:2)
  3 dart slugs
  4 leopard geckos
  11 orcs
  2 ball pythons (D:3)
  6 giant cockroaches
  6 goblins
  8 hobgoblins
  9 jackals
  8 kobolds
  3 quokkas
  3 bats
  6 frilled lizards
  A leopard gecko skeleton (D:6)
  7 rats
136 creatures vanquished.

Notes
Turn   | Place    | Note
-------+----------+-------------------------------------------
     0 | D:1      | Kostasan the Minotaur Berserker began the quest for the
                  | Orb.
     0 | D:1      | Reached XP level 1. HP: 19/19 MP: 0/0
   386 | D:1      | Reached XP level 2. HP: 27/27 MP: 1/1
   471 | D:1      | Reached skill level 4 in Axes
  1019 | D:2      | Noticed Jessica
  1025 | D:2      | Killed Jessica
  1025 | D:2      | Reached skill level 5 in Axes
  1025 | D:2      | Reached XP level 3. HP: 30/33 MP: 2/2
  1113 | D:2      | Noticed Terence
  1122 | D:2      | Killed Terence
  1122 | D:2      | Reached XP level 4. HP: 40/40 MP: 3/3
  1469 | D:2      | Found a faded altar of an unknown god.
  1485 | D:2      | Reached skill level 6 in Axes
  1543 | D:2      | Reached ** piety under Trog
  2032 | D:3      | Reached XP level 5. HP: 43/46 MP: 4/4
  2083 | D:3      | Reached skill level 7 in Axes
  2368 | D:3      | Noticed Grinder
  2372 | D:3      | Paralysed by Grinder for 2 turns
  2381 | D:3      | Paralysed by Grinder for 2 turns
  2385 | D:3      | Killed Grinder
  2385 | D:3      | Reached skill level 8 in Axes
  2385 | D:3      | Reached XP level 6. HP: 42/52 MP: 5/5
  2457 | D:4      | Reached skill level 9 in Axes
  2485 | D:4      | Noticed Sigmund
  2492 | D:4      | Killed Sigmund
  2492 | D:4      | Reached XP level 7. HP: 58/58 MP: 6/6
  2497 | D:4      | Reached skill level 10 in Axes
  2608 | D:4      | Found a staircase to the Ecumenical Temple.
  2709 | D:4      | Reached *** piety under Trog
  2990 | D:5      | Entered Level 5 of the Dungeon
  3337 | D:5      | Reached skill level 11 in Axes
  3624 | D:5      | Noticed Edmund
  3646 | D:5      | Killed Edmund
  3646 | D:5      | Reached XP level 8. HP: 59/66 MP: 7/7
  3926 | D:5      | Reached skill level 12 in Axes
  4097 | D:6      | Gained mutation: You are covered in fur. (AC +1) [potion of
                  | mutation]
  4097 | D:6      | Gained mutation: Your spells are a little harder to cast,
                  | but a little more powerful. [potion of mutation]
  4097 | D:6      | Gained mutation: Your flesh is cold resistant. (rC+)
                  | [potion of mutation]
  4163 | D:6      | Found a sparkling altar of Nemelex Xobeh.
  4163 | D:6      | Found a transporter.
  4163 | D:6      | Noticed a six-headed hydra
  4164 | D:6      | Noticed a cyclops
  4180 | D:6      | Got a dazzling dire flail
  4187 | D:6      | Lost intelligence.
  4187 | D:6      | Identified the cursed +2 dire flail of the Moth {flame,
                  | rPois rC+++ Int-5 Dex+9} (You found it on level 6 of the
                  | Dungeon)
  4196 | D:6      | Got an iridescent short sword
  4253 | D:6      | Found a hazy altar of Hepliaklqana.
  4261 | D:6      | Noticed Pikel
  4270 | D:6      | Killed Pikel
  4270 | D:6      | Reached skill level 13 in Axes
  4413 | D:6      | Reached XP level 9. HP: 65/71 MP: 8/8
  4454 | D:6      | Reached **** piety under Trog
  4601 | D:6      | Identified the +7 short sword of Capital Punishment
                  | {antimagic, Int+6} (You found it on level 6 of the Dungeon)
  4618 | D:6      | Reached skill level 14 in Axes
  5483 | D:7      | Noticed Dowan
  5484 | D:7      | Noticed Duvessa
  5488 | D:7      | Noticed Harold
  5490 | D:7      | Killed Dowan
  5496 | D:7      | Killed Duvessa
  5496 | D:7      | Reached skill level 5 in Fighting
  5498 | D:7      | Noticed Joseph
  5539 | D:8      | Noticed a two-headed ogre
  5550 | D:8      | Mangled by a two-headed ogre

Skill      XL: |  1  2  3  4  5  6  7  8  9 |
---------------+----------------------------+-----
Axes           | 5 6 8 9 11 13 14 | 14.4
Fighting       | 5 |  5.1
Armour         | 4 |  4.3
Dodging        | |  2.4

Action                   |  1- 3 |  4- 6 |  7- 9 || total
-------------------------+-------+-------+-------++-------
Melee: Hand axe          |    44 |    87 |   179 ||   310
       Headbutt          |     5 |    16 |    42 ||    63
       Dire flail        |       |       |    29 ||    29
       Short sword       |       |       |     2 ||     2
Throw: Stone             |    66 |    81 |   112 ||   259
Invok: Berserk           |     1 |     3 |     4 ||     8
       Trog's Hand       |       |       |     1 ||     1
  Use: Scroll            |       |     1 |    12 ||    13
       Potion            |       |       |     2 ||     2
  Eat: Chunk             |     1 |     7 |     9 ||    17
       Ration            |       |       |     1 ||     1
Armor: Animal skin       |     2 |     1 |       ||     3
       Ring mail         |       |    21 |    42 ||    63
       Plate armour      |       |       |    38 ||    38
Dodge: Dodged            |    23 |    23 |    59 ||   105
Block: Shield            |       |    18 |    66 ||    84
